ORI
COASTAL CAROLINA UNIVERSITY CHANTICLEERS @ UNIVERSITY OF CONNETICUT HUSKIES
09/06/2047
 
TOP OF THE 1ST
Coastal Carolina University Chanticleers batting - Pitching for University of Conneticut Huskies : RHP Danny Velasquez
Pitching: RHP Danny Velasquez
Batting: LHB Justin Sanders 0-0: Called Strike
0-1: Called Strike
0-2: Strikes out swinging
Batting: RHB Tristan Williams 0-0: Ball
1-0: Bunt missed!
1-1: Swinging Strike
1-2: Ground out 5-3 (Groundball, 5L, EV 101.9 MPH)
Batting: RHB Dennis Bennett 0-0: Foul Ball, location: 2F
0-1: Ball
1-1: Ball
2-1: Ball
3-1: Foul Ball, location: 2F
3-2: Ground out 5-3 (Groundball, 56, EV 86.9 MPH)
Top of the 1st over - 0 runs, 0 hits, 0 errors, 0 left on base; Coastal Carolina University 0 - University of Conneticut 0
BOTTOM OF THE 1ST
University of Conneticut Huskies batting - Pitching for Coastal Carolina University Chanticleers : LHP Rocco Calvocoressi
Pitching: LHP Rocco Calvocoressi
Batting: RHB Jordan Nicholas 0-0: Fly out, F8 (Line Drive, 89M, EV 91.2 MPH)
Batting: LHB Andrew Barzee 0-0: Called Strike
0-1: Ball
1-1: Ground out 1-3 (Groundball, 15S, EV 67.5 MPH)
Batting: RHB Roku Kawano 0-0: Ball
1-0: Called Strike
1-1: Called Strike
1-2: SOLO HOME RUN (Flyball, 78XD, EV 102.5 MPH), Distance : 412 ft
Batting: LHB Greg James 0-0: Ball
1-0: Swinging Strike
1-1: Ball
2-1: Fly out, F9 (Flyball, 89S, EV 90.6 MPH)
Bottom of the 1st over - 1 run, 1 hit, 0 errors, 0 left on base; Coastal Carolina University 0 - University of Conneticut 1
TOP OF THE 2ND
Coastal Carolina University Chanticleers batting - Pitching for University of Conneticut Huskies : RHP Danny Velasquez
Batting: RHB Tatsunori Ishigaki 0-0: Ball
1-0: Called Strike
1-1: DOUBLE (Line Drive, 89D, EV 108.1 MPH)
Batting: RHB Fernando Tovar 0-0: Ball
1-0: Fly out, F7 (Line Drive, 78M, EV 88.1 MPH)
Batting: LHB Ramelan Nasution 0-0: Called Strike
0-1: Swinging Strike
0-2: Ball
1-2: Fly out, F9 (Flyball, 9D, EV 105.0 MPH)
Runner from 2nd tags up, SAFE at 3rd, no throw by RF
Batting: RHB Chris McDaniel 0-0: Ball
1-0: Swinging Strike
1-1: Ball
2-1: Ball
3-1: Fly out, F9 (Flyball, 9LM, EV 90.0 MPH)
Top of the 2nd over - 0 runs, 1 hit, 0 errors, 1 left on base; Coastal Carolina University 0 - University of Conneticut 1
BOTTOM OF THE 2ND
University of Conneticut Huskies batting - Pitching for Coastal Carolina University Chanticleers : LHP Rocco Calvocoressi
Batting: RHB Cullen Elliott 0-0: Called Strike
0-1: Ball
1-1: Ball
2-1: Ball
3-1: Base on Balls
Batting: LHB Hector Acosta 0-0: Ball
1-0: Called Strike
1-1: Foul Ball, location: 2F
1-2: Foul Ball, location: 2F
1-2: Ball
2-2: Strikes out swinging
Batting: RHB Victor Nava 0-0: Foul Ball, location: 2F
0-1: Ball
1-1: Called Strike
1-2: Ball
2-2: Foul Ball, location: 2F
2-2: Grounds into double play, 4-6-3 (Groundball, 34, EV 86.2 MPH)
Bottom of the 2nd over - 0 runs, 0 hits, 0 errors, 0 left on base; Coastal Carolina University 0 - University of Conneticut 1
TOP OF THE 3RD
Coastal Carolina University Chanticleers batting - Pitching for University of Conneticut Huskies : RHP Danny Velasquez
Batting: LHB Justin Kaller 0-0: Called Strike
0-1: SINGLE (Line Drive, 4D, EV 97.5 MPH)
Batting: RHB Rene Napoles 0-0: Called Strike
0-1: Foul Ball, location: 2F
0-2: Ball
1-2: Foul Ball, location: 2F
1-2: Ball
2-2: Strikes out swinging
Batting: LHB Justin Sanders 0-0: Called Strike
0-1: Hit by Pitch
Justin Kaller to second
Batting: RHB Tristan Williams 0-0: Foul Ball, location: 2F
0-1: Fielders Choice at 2nd, 3-6 (Groundball, 3S, EV 85.6 MPH)
Justin Kaller to third
Batting: RHB Dennis Bennett 0-0: Foul Ball, location: 2F
0-1: Ball
1-1: Fly out, F8 (Flyball, 8RS, EV 85.0 MPH)
Top of the 3rd over - 0 runs, 1 hit, 0 errors, 2 left on base; Coastal Carolina University 0 - University of Conneticut 1
BOTTOM OF THE 3RD
University of Conneticut Huskies batting - Pitching for Coastal Carolina University Chanticleers : LHP Rocco Calvocoressi
Batting: RHB Jack Vokey 0-0: Ball
1-0: Ground out 5-3 (Groundball, 56S, EV 84.4 MPH)
Batting: LHB Omar Alba 0-0: Fly out, F8 (Flyball, 8LD, EV 89.4 MPH)
Batting: RHB Jordan Nicholas 0-0: SINGLE (Groundball, 6S, EV 98.8 MPH)
Batting: LHB Andrew Barzee 0-0: Ball
1-0: Called Strike
Jordan Nicholas steals 2nd base (no throw)
1-1: Foul Ball, location: 2F
1-2: Ball
2-2: Ground out 4-3 (Groundball, 4, EV 105.0 MPH)
Bottom of the 3rd over - 0 runs, 1 hit, 0 errors, 1 left on base; Coastal Carolina University 0 - University of Conneticut 1
TOP OF THE 4TH
Coastal Carolina University Chanticleers batting - Pitching for University of Conneticut Huskies : RHP Danny Velasquez
Batting: RHB Tatsunori Ishigaki 0-0: Ball
1-0: Ball
2-0: Called Strike
2-1: Called Strike
2-2: Foul Ball, location: 2F
2-2: Strikes out swinging
Batting: RHB Fernando Tovar 0-0: Swinging Strike
0-1: Ball
1-1: Ball
2-1: Foul Ball, location: 2F
2-2: Strikes out swinging
Batting: LHB Ramelan Nasution 0-0: Called Strike
0-1: Swinging Strike
0-2: Strikes out swinging
Top of the 4th over - 0 runs, 0 hits, 0 errors, 0 left on base; Coastal Carolina University 0 - University of Conneticut 1
BOTTOM OF THE 4TH
University of Conneticut Huskies batting - Pitching for Coastal Carolina University Chanticleers : LHP Rocco Calvocoressi
Batting: RHB Roku Kawano 0-0: Reached on error, E4 (Groundball, 4, EV 101.9 MPH)
Batting: LHB Greg James 0-0: Called Strike
0-1: Ball
1-1: Ball
2-1: DOUBLE (Line Drive, 9LD, EV 112.5 MPH)
Roku Kawano scores
Batting: RHB Cullen Elliott 0-0: SINGLE (Flyball, 6MD, EV 85.0 MPH)
Greg James to third
Batting: LHB Hector Acosta 0-0: Ball
1-0: Fielders Choice at 2nd, 4-6 (Groundball, 4MS, EV 83.1 MPH)
Greg James scores
Batting: RHB Victor Nava 0-0: Ball
1-0: DOUBLE (Line Drive, 89D, EV 106.9 MPH)
Hector Acosta to third
Batting: RHB Jack Vokey 0-0: Foul Ball, location: 2F
0-1: Foul Ball, location: 2F
0-2: Ball
1-2: Foul Ball, location: 2F
1-2: Strikes out swinging
Batting: LHB Omar Alba 0-0: Ground out 3-1 (Groundball, 34S, EV 63.1 MPH)
Bottom of the 4th over - 2 runs, 3 hits, 1 error, 2 left on base; Coastal Carolina University 0 - University of Conneticut 3
TOP OF THE 5TH
Coastal Carolina University Chanticleers batting - Pitching for University of Conneticut Huskies : RHP Danny Velasquez
Batting: RHB Chris McDaniel 0-0: Called Strike
0-1: Ball
1-1: Foul Ball, location: 2F
1-2: Foul Ball, location: 2F
1-2: Strikes out looking
Batting: LHB Justin Kaller 0-0: Called Strike
0-1: Ball
1-1: Ball
2-1: Foul Ball, location: 2F
2-2: Ball
3-2: Base on Balls
Batting: RHB Rene Napoles 0-0: Foul Ball, location: 2F
0-1: Foul Ball, location: 2F
0-2: Ball
1-2: Grounds into double play, 6-4-3 (Groundball, 6, EV 87.5 MPH)
Top of the 5th over - 0 runs, 0 hits, 0 errors, 0 left on base; Coastal Carolina University 0 - University of Conneticut 3
BOTTOM OF THE 5TH
University of Conneticut Huskies batting - Pitching for Coastal Carolina University Chanticleers : LHP Rocco Calvocoressi
Batting: RHB Jordan Nicholas 0-0: Fly out, F3 (Line Drive, 34D, EV 76.2 MPH)
Batting: LHB Andrew Barzee 0-0: Called Strike
0-1: Ball
1-1: Hit by Pitch
Batting: RHB Roku Kawano 0-0: Called Strike
Andrew Barzee is caught stealing 2nd base 2-4
0-1: DOUBLE (Line Drive, 8RXD, EV 111.2 MPH)
Batting: LHB Greg James 0-0: SINGLE (Line Drive, 8RS, EV 96.2 MPH)
Roku Kawano to third
Runner from 3rd tries for Home, SAFE, throw by CF to home
Greg James to second
Batting: RHB Cullen Elliott 0-0: Called Strike
0-1: Called Strike
0-2: Foul Ball, location: 2F
0-2: Foul Ball, location: 2F
0-2: Strikes out swinging
Bottom of the 5th over - 1 run, 2 hits, 0 errors, 1 left on base; Coastal Carolina University 0 - University of Conneticut 4
TOP OF THE 6TH
Coastal Carolina University Chanticleers batting - Pitching for University of Conneticut Huskies : RHP Danny Velasquez
Batting: LHB Justin Sanders 0-0: Ball
1-0: Ball
2-0: Foul Ball, location: 2F
2-1: Ball
3-1: Foul Ball, location: 2F
3-2: Foul Ball, location: 2F
3-2: Strikes out swinging
Pitching: LHP Jesus Cordero
Batting: RHB Tristan Williams 0-0: Ball
1-0: SINGLE (Groundball, 4MD, EV 97.5 MPH)
Batting: RHB Dennis Bennett 0-0: Called Strike
0-1: Grounds into double play, 4-6-3 (Groundball, 4MD, EV 102.5 MPH)
Top of the 6th over - 0 runs, 1 hit, 0 errors, 0 left on base; Coastal Carolina University 0 - University of Conneticut 4
BOTTOM OF THE 6TH
University of Conneticut Huskies batting - Pitching for Coastal Carolina University Chanticleers : LHP Rocco Calvocoressi
Batting: LHB Hector Acosta 0-0: Ball
1-0: SINGLE (Line Drive, 89S, EV 103.1 MPH)
Batting: RHB Victor Nava 0-0: Fly out, F3 (Popup, 3L, EV 63.8 MPH)
Batting: RHB Jack Vokey 0-0: Called Strike
0-1: Foul Ball, location: 2F
0-2: Foul Ball, location: 2F
0-2: Ball
1-2: SINGLE (Groundball, 6M, EV 100.6 MPH)
Hector Acosta to second
Batting: LHB Omar Alba 0-0: Called Strike
0-1: Foul Ball, location: 2F
0-2: Foul Ball, location: 2F
0-2: Strikes out looking
Pitching: RHP Jeff Box
Batting: RHB Jordan Nicholas 0-0: Ball
1-0: Ball
2-0: Ball
3-0: Base on Balls
Hector Acosta to third
Jack Vokey to second
Batting: LHB Andrew Barzee 0-0: Ball
1-0: Called Strike
1-1: Ball
2-1: Ball
3-1: DOUBLE (Line Drive, 7LM, EV 93.1 MPH)
Hector Acosta scores
Jack Vokey scores
Jordan Nicholas to third
Runner from 3rd tries for Home, SAFE, throw by LF to home
Batting: RHB Roku Kawano 0-0: Called Strike
0-1: DOUBLE (Line Drive, 9LS, EV 89.4 MPH)
Andrew Barzee scores
Batting: LHB Greg James 0-0: Ball
1-0: Ball
Wild Pitch!
Roku Kawano to third
2-0: Called Strike
2-1: Ball
Wild Pitch!
Roku Kawano scores
3-1: Swinging Strike
3-2: Ground out 6-3 (Groundball, 6, EV 90.0 MPH)
Bottom of the 6th over - 5 runs, 4 hits, 0 errors, 0 left on base; Coastal Carolina University 0 - University of Conneticut 9
TOP OF THE 7TH
Coastal Carolina University Chanticleers batting - Pitching for University of Conneticut Huskies : LHP Jesus Cordero
Batting: RHB Tatsunori Ishigaki 0-0: Ball
1-0: Fly out, F8 (Flyball, 78S, EV 84.4 MPH)
Batting: RHB Fernando Tovar 0-0: Called Strike
0-1: Swinging Strike
0-2: Foul Ball, location: 2F
0-2: Ball
1-2: Strikes out swinging
Batting: LHB Ramelan Nasution 0-0: Called Strike
0-1: Foul Ball, location: 2F
0-2: Ball
1-2: Ball
2-2: Strikes out swinging
Top of the 7th over - 0 runs, 0 hits, 0 errors, 0 left on base; Coastal Carolina University 0 - University of Conneticut 9
BOTTOM OF THE 7TH
University of Conneticut Huskies batting - Pitching for Coastal Carolina University Chanticleers : RHP Jeff Box
Batting: RHB Cullen Elliott 0-0: Ball
1-0: Called Strike
1-1: Called Strike
1-2: Strikes out swinging
Batting: LHB Hector Acosta 0-0: Ball
1-0: SINGLE (Flyball, 56D, EV 83.8 MPH)
Batting: RHB Victor Nava 0-0: Swinging Strike
0-1: 2-RUN HOME RUN (Flyball, 7D, EV 96.2 MPH), Distance : 373 ft
Pitching: RHP Matt Schnurer
Batting: RHB Jack Vokey 0-0: Ball
1-0: Called Strike
1-1: Swinging Strike
1-2: Ball
2-2: Foul Ball, location: 2F
2-2: Strikes out looking
Batting: LHB Omar Alba 0-0: Reached on error, E5 (Groundball, 56, EV 79.4 MPH)
Batting: RHB Jordan Nicholas 0-0: Ground out 4-3 (Groundball, 4, EV 86.9 MPH)
Bottom of the 7th over - 2 runs, 2 hits, 1 error, 1 left on base; Coastal Carolina University 0 - University of Conneticut 11
TOP OF THE 8TH
Coastal Carolina University Chanticleers batting - Pitching for University of Conneticut Huskies : LHP Jesus Cordero
Batting: RHB Chris McDaniel 0-0: Called Strike
0-1: Ground out U3 (Groundball, 3, EV 103.8 MPH)
Pinch Hitting: RHB Mike Grogan 0-0: Swinging Strike
0-1: Foul Ball, location: 2F
0-2: Ball
1-2: Ball
2-2: Strikes out looking
Batting: RHB Rene Napoles 0-0: Called Strike
0-1: Ground out 6-3 (Groundball, 6, EV 104.4 MPH)
Top of the 8th over - 0 runs, 0 hits, 0 errors, 0 left on base; Coastal Carolina University 0 - University of Conneticut 11
BOTTOM OF THE 8TH
University of Conneticut Huskies batting - Pitching for Coastal Carolina University Chanticleers : RHP Matt Schnurer
Now at 1B: Nate Kokx
Batting: LHB Andrew Barzee 0-0: Called Strike
0-1: Swinging Strike
0-2: Ball
1-2: Strikes out looking
Batting: RHB Roku Kawano 0-0: Fly out, F9 (Flyball, 9D, EV 80.6 MPH)
Batting: LHB Greg James 0-0: Ball
1-0: Reached on error, E4 (Groundball, 4, EV 101.9 MPH)
Batting: RHB Cullen Elliott 0-0: Ball
1-0: Ball
2-0: Ground out 4-3 (Groundball, 4, EV 88.1 MPH)
Bottom of the 8th over - 0 runs, 0 hits, 1 error, 1 left on base; Coastal Carolina University 0 - University of Conneticut 11
TOP OF THE 9TH
Coastal Carolina University Chanticleers batting - Pitching for University of Conneticut Huskies : LHP Jesus Cordero
Batting: LHB Justin Sanders 0-0: Ball
1-0: Called Strike
1-1: Foul Ball, location: 2F
1-2: Ball
2-2: Foul Ball, location: 2F
2-2: Ball
3-2: Strikes out swinging
Batting: RHB Tristan Williams 0-0: Ball
1-0: Foul Ball, location: 2F
1-1: Fly out, F8 (Flyball, 8RD, EV 100.0 MPH)
Batting: RHB Dennis Bennett 0-0: Ball
1-0: Ball
2-0: Called Strike
2-1: Ground out 5-3 (Groundball, 5, EV 108.1 MPH)
Top of the 9th over - 0 runs, 0 hits, 0 errors, 0 left on base; Coastal Carolina University 0 - University of Conneticut 11
Thursday, December 15th , 2022 - OOTP Baseball 23.9 Build 102